 Dungeon Crawl Stone Soup version 0.25.0-9-g26727b657a (webtiles) character file.

Game seed: 13891677400488741039

22222 Dirian the Fencer (level 12, -9/113 HPs)
             Began as a Minotaur Fighter on June 19, 2020.
             Killed from afar by a war gargoyle (17 damage)
             ... with a spray of metal splinters
             ... on level 13 of the Dungeon.
             The game lasted 00:30:25 (16636 turns).

Dirian the Fencer (Minotaur Fighter)               Turns: 16636, Time: 00:30:25

Health: -9/113     AC: 18    Str: 25    XL:     12   Next: 61%
Magic:  16/16      EV:  7    Int:  5    God:
Gold:   873        SH: 14    Dex: 11    Spells: 11/11 levels left

rFire    . . .     SeeInvis +   a - +7 long sword
rCold    . . .     Gourm    .   B - +3 kite shield
rNeg     . . .     Faith    +   S - +3 chain mail
rPois    .         Spirit   .   l - +1 hat
rElec    .         Reflect  .   M - scarf {+Inv}
rCorr    .         Harm     .   i - +2 pair of gloves
MR       .....                  (no boots)
Stlth    ..........             y - amulet of faith
HPRegen  0.28/turn              Q - +4 ring of slaying
MPRegen  0.15/turn              A - ring of see invisible

@: no status effects
A: retaliatory headbutt, horns 2
a: Evoke Invisibility


You were on level 13 of the Dungeon.
You were hungry.

You visited 2 branches of the dungeon, and saw 14 of its levels.

You collected 899 gold pieces.
You spent 26 gold pieces at shops.

Inventory:

Hand Weapons
 a - a +7 long sword (weapon)
 d - a +0 scimitar
Armour
 i - a +2 pair of gloves (worn)
 l - a +1 hat (worn)
 B - a +3 kite shield (worn)
 C - a +1 scale mail of fire resistance
 D - the +1 scale mail "Iddiab" {+Blink MR+}
   (You found it on level 4 of the Dungeon)

   It affects your resistance to hostile enchantments.
   It lets you blink.
 M - a scarf of invisibility (worn)
 S - a +3 chain mail (worn)
Jewellery
 b - an uncursed ring of ice
 y - an amulet of faith (around neck)
 A - a ring of see invisible (right hand)
 F - an uncursed ring of positive energy
 P - a +4 ring of protection
 Q - a +4 ring of slaying (left hand)
 R - an uncursed ring of fire
Wands
 k - a wand of flame (20)
 v - a wand of digging (4)
 L - a wand of clouds (3)
 N - a wand of disintegration (17)
 O - a wand of acid (8)
Scrolls
 p - 3 scrolls of enchant armour
 r - a scroll of identify
 t - 5 scrolls of teleportation
 x - 11 scrolls of remove curse
 z - 5 scrolls of blinking
 J - a scroll of magic mapping
Potions
 c - a potion of cancellation
 g - 3 potions of mutation
 h - a potion of haste
 j - 6 potions of flight
 n - 3 potions of resistance
 q - 2 potions of curing
 s - a potion of invisibility
 u - a potion of ambrosia
 w - 8 potions of heal wounds
 E - 2 potions of lignification
 H - a potion of magic
Miscellaneous
 K - a phial of floods (inert)
Comestibles
 e - 17 rations


   Skills:
 + Level 12.6 Fighting
 + Level 16.3 Long Blades
 - Level 8.0 Armour
 - Level 8.0 Shields
 * Level 7.7 Evocations


You had 11 spell levels left.
You didn't know any spells.
Your spell library contained the following spells:

 Spells                   Type           Power        Failure   Level  Hunger
 Corona                   Hex            #......      100%        1    ##.....
 Magic Dart               Conj           #...         100%        1    ##.....
 Blink                    Tloc           N/A          100%        2    ###....
 Call Imp                 Summ           #.......     100%        2    ###....
 Poisonous Vapours        Pois/Air       #.....       100%        2    ###....
 Slow                     Hex            #.......     100%        2    ###....
 Conjure Flame            Conj/Fire      #.......     100%        3    ####...
 Inner Flame              Hex/Fire       #.......     100%        3    ####...
 Mephitic Cloud           Conj/Pois/Air  #.......     100%        3    ####...
 Portal Projectile        Hex/Tloc       #.....       100%        3    ####...
 Cause Fear               Hex            #.........   100%        4    #####..
 Leda's Liquefaction      Hex/Erth       #.........   100%        4    #####..
 Freezing Cloud           Conj/Ice/Air   #.........   100%        6    #######
 Ring of Flames           Chrm/Fire      #.........   100%        7    #######


Dungeon Overview and Level Annotations

Branches:
Dungeon (13/15)            Temple (1/1) D:5            Lair (0/6) D:9
    Orc (0/2) D:9          Vaults (0/5) D:13

Altars:
Ashenzari
Cheibriados
Dithmenos
Elyvilon
Fedhas
Gozag
Hepliaklqana
Kikubaaqudgha
Makhleb
Nemelex Xobeh
Okawaru
Qazlal
Ru
Sif Muna
Trog
Uskayaw
Vehumet
Wu Jian
Xom
Yredelemnul
Zin
The Shining One

Shops:
D:4 [   D:5 *   D:9 :


Innate Abilities, Weirdness & Mutations

You reflexively headbutt those who attack you in melee.
You have a pair of horns on your head.


Message History

Flame seeps out of the gargoyle.
The gargoyle is heavily damaged.
Your orc's corpse dissolves into shadows!
You hear an explosion!
The fiery explosion engulfs the gargoyle!
Flame seeps out of the gargoyle.
The gargoyle is almost destroyed.
You hear an explosion!
The fiery explosion engulfs the gargoyle!!
The gargoyle explodes!
You feel a bit more experienced.
The gargoyle hurls a stone arrow at you.
You block the stone arrow.
The war gargoyle launches metal splinters at you.
The spray of metal splinters hits you!!!
* * * LOW HITPOINT WARNING * * *
The war gargoyle is engulfed in blazing flames.
The war gargoyle launches metal splinters at you.
The spray of metal splinters hits you!
You die...

...(...# ##...........## #..#####
.......# #...8..>..8...# #..#
...(...# #....☼§.9...# #..#
..(....# #....§○§....# #..#
.(.....# #o.)§99Y9.# #..#
.......# #.#)#§#.#.# #..####
...))..# #§### #.....## ....)..#
#.# #....... #####..# #@#
#.......
#..#########.#########.......
#............................
#.................#####......
#.................# #......
#####.................# #......
......................# #......
......................# #..###'
..#####...............#####..#...


You could see a war gargoyle (catching breath) and a gargoyle (inner flame).

Vanquished Creatures
  A hydra (D:12)
  2 centaur warriors (D:13)
  A two-headed ogre (D:10)
  2 dancing weapons (D:12)
  Nergalle (D:11)
  An unseen horror (D:11)
  2 cyclopes
  2 ugly things
  A manticore (D:11)
  Joseph (D:8)
  5 gargoyles
  4 trolls (D:13)
  A merfolk (D:10)
  A hornet (D:11)
  3 slime creatures
  Grinder (D:3)
  9 hippogriffs
  A meliai zombie (D:11)
  A shadow (D:12)
  A wyvern (D:13)
  15 yaks
  A wraith (D:13)
  A vampire (D:12)
  A basilisk (D:12)
  A hungry ghost (D:11)
  Edmund (D:4)
  A soldier ant (D:12)
  3 porcupines (D:9)
  9 orc warriors
  6 black bears
  3 ice beasts
  A sky beast (D:7)
  5 ogres
  6 phantoms
  A centaur (D:9)
  2 big kobolds
  9 bullfrogs
  A wyvern zombie (D:10)
  A water moccasin zombie (D:8)
  3 scorpions
  3 killer bees (D:10)
  5 wights
  7 howler monkeys
  9 crimson imps
  A centaur zombie (D:12)
  A bullfrog zombie (D:13)
  2 hounds
  2 jellies
  4 orc priests
  13 orc wizards
  3 centaur skeletons
  3 iguanas
  A worker ant (D:8)
  2 worker ant zombies
  9 adders
  11 gnolls
  A howler monkey skeleton (D:11)
  2 shadow imps
  3 oozes
  3 worms
  2 dart slugs (D:1)
  6 leopard geckos
  72 orcs
  4 giant cockroaches
  10 goblins
  7 hobgoblins
  7 jackals
  5 quokkas
  A ball python (D:4)
  2 bats (D:1)
  4 frilled lizards
  14 kobolds
  7 rats
338 creatures vanquished.

Vanquished Creatures (others)
  A kobold (D:7)
  2 fungi (D:9)
  2 plants (D:9)
5 creatures vanquished.

Grand Total: 343 creatures vanquished

Notes
Turn   | Place    | Note
-------+----------+-------------------------------------------
     0 | D:1      | Dirian the Minotaur Fighter began the quest for the Orb.
     0 | D:1      | Reached XP level 1. HP: 19/19 MP: 0/0
   194 | D:1      | Reached XP level 2. HP: 27/27 MP: 1/1
   483 | D:1      | Reached skill level 3 in Long Blades
   483 | D:1      | Reached XP level 3. HP: 33/33 MP: 2/2
  1318 | D:2      | Reached XP level 4. HP: 40/40 MP: 3/3
  2139 | D:3      | Reached skill level 4 in Long Blades
  2429 | D:3      | Noticed Grinder
  2438 | D:3      | Killed Grinder
  2438 | D:3      | Reached skill level 5 in Long Blades
  2438 | D:3      | Reached XP level 5. HP: 22/47 MP: 4/4
  2438 | D:3      | Reached XP level 6. HP: 24/53 MP: 5/5
  2709 | D:3      | Reached skill level 6 in Long Blades
  3036 | D:4      | Reached skill level 5 in Armour
  3197 | D:4      | Reached skill level 7 in Long Blades
  3197 | D:4      | Reached skill level 5 in Shields
  3197 | D:4      | Reached XP level 7. HP: 37/60 MP: 6/6
  3857 | D:4      | Noticed Edmund
  3872 | D:4      | Killed Edmund
  3872 | D:4      | Reached skill level 5 in Fighting
  3872 | D:4      | Reached skill level 8 in Long Blades
  4173 | D:4      | Found Feemy's Armour Boutique.
  4262 | D:4      | Found an ancient bone altar of Kikubaaqudgha.
  4421 | D:4      | Found a sparkling altar of Nemelex Xobeh.
  4636 | D:4      | Got a translucent scale mail
  4646 | D:4      | Identified the cursed +1 scale mail "Iddiab" {+Blink MR+}
                  | (You found it on level 4 of the Dungeon)
  4671 | D:5      | Entered Level 5 of the Dungeon
  4733 | D:5      | Found a staircase to the Ecumenical Temple.
  4755 | D:5      | Reached XP level 8. HP: 66/68 MP: 7/7
  4920 | D:5      | Found an ornate altar of the Wu Jian Council.
  4926 | D:5      | Found Ceyz's General Store.
  4929 | D:5      | Bought a scroll of identify for 26 gold pieces
  5061 | D:5      | Reached skill level 9 in Long Blades
  5176 | D:5      | Found an opulent altar of Gozag.
  5176 | D:5      | Found a glowing silver altar of Zin.
  5311 | Temple   | Entered the Ecumenical Temple
  5629 | D:6      | Found a radiant altar of Vehumet.
  6521 | D:7      | Reached skill level 10 in Long Blades
  6535 | D:7      | Noticed a hippogriff
  6538 | D:7      | Noticed a hippogriff
  6600 | D:5      | Killed a hippogriff
  6600 | D:5      | Reached skill level 1 in Evocations
  6863 | D:6      | Killed a hippogriff
  6863 | D:6      | Reached XP level 9. HP: 69/75 MP: 7/9
  7471 | D:7      | Reached skill level 11 in Long Blades
  7941 | D:7      | Found a blossoming altar of Fedhas.
  8780 | D:8      | Noticed Joseph
  8811 | D:8      | Killed Joseph
  8950 | D:8      | Reached XP level 10. HP: 70/84 MP: 11/11
  9197 | D:8      | Reached skill level 12 in Long Blades
  9405 | D:8      | Got a masterwork war axe
  9642 | D:9      | Found a staircase to the Lair.
  9972 | D:9      | Found Vafeyme's Book Shop.
 10140 | D:9      | Found an iron altar of Okawaru.
 10366 | D:9      | Found a staircase to the Orcish Mines.
 10801 | D:10     | Entered Level 10 of the Dungeon
 10843 | D:10     | Noticed a cyclops
 10864 | D:10     | Killed a cyclops
 10864 | D:10     | Reached skill level 13 in Long Blades
 11628 | D:10     | Reached skill level 5 in Evocations
 11641 | D:10     | Noticed a two-headed ogre
 11651 | D:10     | Killed a two-headed ogre
 12023 | D:10     | Reached XP level 11. HP: 82/95 MP: 13/13
 12286 | D:11     | Reached skill level 14 in Long Blades
 12678 | D:11     | Noticed an unseen horror
 12686 | D:11     | Killed an unseen horror
 12961 | D:11     | Noticed Nergalle
 12974 | D:11     | Killed Nergalle
 13326 | D:12     | Reached skill level 10 in Fighting
 13481 | D:12     | Noticed a six-headed hydra
 13522 | D:12     | Killed a seven-headed hydra
 13557 | D:11     | Reached skill level 15 in Long Blades
 13765 | D:12     | Noticed a cyan ugly thing
 13777 | D:12     | Killed a cyan ugly thing
 14532 | D:12     | Identified the +12 war axe of Midsummer {antimagic, Fragile
                  | Dex+6 SInv} (You found it on level 8 of the Dungeon)
 14689 | D:13     | Reached XP level 12. HP: 34/110 MP: 16/16
 15007 | D:13     | Noticed a centaur warrior
 15027 | D:13     | Killed a centaur warrior
 15535 | D:13     | Reached skill level 16 in Long Blades
 15816 | D:13     | Noticed a centaur warrior
 15829 | D:13     | Killed a centaur warrior
 16462 | D:13     | Found a gate to the Vaults.
 16629 | D:13     | Noticed a war gargoyle
 16636 | D:13     | Killed from afar by a war gargoyle

Illustrated notes

Levels and vault maps discovered:
D:1:      roderic_crossed_star, layout_basic, feat_on_display
D:2:      layout_basic
D:3:      layout_basic, uniq_grinder
D:4:      layout_basic, kiku_gazebo_garden_becter, nemelex_altar_shiori,
          serial_shops, shop_statue, minmay_cut_off, uniq_edmund
D:5:      layout_cave_pools, grunt_temple_overflow_gold_and_silver,
          kennysheep_mini_moat, minmay_temple_entry_statues, serial_shops,
          kennysheep_mini, first_ration, minmay_door_square
D:6:      layout_basic, vehumet_altar_wand_db
D:7:      layout_cave_pools, lemuel_coloured_pillars_altar
D:8:      layout_gridville, uniq_joseph
D:9:      layout_cross, okawaru_altar_gauntlet_db, due_lair_maze_entry_diamond,
          hiddenorc1_lemuel, serial_shops, shop
D:10:     layout_long_grid, serial_glass, glass_columns_a, glass_columns_b,
          hangedman_fish_farm
D:11:     layout_long_grid, uniq_nergalle
D:12:     layout_roguey, minmay_fractal_squares_diagonal_5
D:13:     gargoyle_guard, layout_irregular_city, erik_vaults_1
Temple:   eino_wide_crystal_templ

Skill      XL: |  1  2  3  4  5  6  7  8  9 10 11 12 |
---------------+-------------------------------------+-----
Fighting       | 4 5 6 8 11 12 | 12.6
Shields        | 4 5 6 8 |  8.0
Armour         | 4 5 6 7 8 |  8.0
Long Blades    | 3 5 7 8 10 11 13 15 16 | 16.3
Evocations     | 1 3 5 6 7 |  7.7

Action                   |  1- 3 |  4- 6 |  7- 9 | 10-12 || total
-------------------------+-------+-------+-------+-------++-------
Melee: Long sword        |    93 |   103 |   411 |   463 ||  1070
       Headbutt          |    12 |    17 |    88 |   145 ||   262
       Scimitar          |       |       |       |   174 ||   174
Evoke: Phial of floods   |       |       |       |     2 ||     2
       Wand              |       |       |       |     4 ||     4
  Use: Potion            |       |     1 |       |     1 ||     2
       Scroll            |       |       |    21 |    11 ||    32
 Stab: Confused          |       |       |       |     1 ||     1
       Petrified         |       |       |       |     1 ||     1
  Eat: Chunk             |     1 |     6 |    16 |    22 ||    45
       Ration            |       |       |     1 |     1 ||     2
Armor: Scale mail        |    51 |    32 |   126 |     1 ||   210
       Chain mail        |       |       |       |   187 ||   187
Dodge: Dodged            |    25 |    28 |   110 |   103 ||   266
Block: Kite shield       |    57 |    36 |   261 |   369 ||   723
       Rpst.: Long sword |     5 |     8 |    23 |    11 ||    47
       Scimitar          |       |       |       |     9 ||     9
